Map: Romanticide LE

Players

Rex

  • Race: Zerg Zerg

GogojOey - Winner!

  • Race: Zerg Zerg

VOD

Have the link to the VOD?

Description

Time

  • Played on: Oct. 2, 2021, 7:56 a.m.
  • Length: 11:13
Show
View Real Time Build Order
Export as new Build Order

Rex Zerg 

Build Orders: Hatch First 

Get SALT Encoding   

  12  0:00  Drone  
  13  0:12  Overlord  
  13  0:17  Drone  
  14  0:32  Drone  
  14  0:33  Drone  
  16  0:48  Hatchery  
  15  0:51  Drone  
  15  0:55  Drone  
  17  0:59  Drone  
  18  1:09  Extractor  
  17  1:13  Spawning Pool  
  17  1:16  Drone  
  17  1:20  Drone  
  18  1:28  Drone  
  19  1:39  Drone  
  20  1:49  Drone  
  21  2:00  Queen x2  
  25  2:04  Overlord  
  25  2:06  Drone  
  26  2:09  Metabolic Boost  
  26  2:11  Drone x2  
  28  2:22  Drone x2  
  30  2:33  Hatchery  
  29  2:40  Queen  
  29  2:43  Zergling x2  
  32  2:52  Drone  
  32  2:53  Baneling Nest  
  32  2:55  Overlord  
  32  3:00  Zergling x2  
  32  3:01  Drone  
  32  3:02  Drone  
  35  3:13  Drone  
  35  3:14  Drone  
  35  3:15  Drone x3  
  35  3:19  Overlord  
  40  3:26  Drone x3  
  43  3:31  Lair  
  43  3:35  Extractor  
  43  3:37  Overlord  
  43  3:40  Zergling x2  
  43  3:41  Zergling x2  
  43  3:48  Evolution Chamber  
  43  3:50  Drone x3  
  43  3:54  Drone x3  
  48  3:58  Drone x2  
  48  4:01  Drone  
  48  4:02  Drone  
  52  4:08  Drone  
  52  4:09  Overlord  
  53  4:12  Drone  
  53  4:14  Overlord  
  53  4:16  Zerg Melee Weapons Level 1  
  54  4:18  Extractor x2  
  54  4:21  Drone x2  
  54  4:23  Overlord  
  54  4:30  Roach Warren  
  53  4:32  Drone x2  
  53  4:35  Drone x3  
  58  4:48  Spire  
  58  4:49  Zergling x6  
  58  4:50  Zergling x4  
  62  5:00  Zergling x14  
  62  5:07  Extractor x2, Overlord  
  68  5:10  Drone x3  
  70  5:18  Baneling x4  
  70  5:21  Overlord  
  70  5:22  Drone x4  
  70  5:26  Zergling x2  
  75  5:28  Zergling x2  
  75  5:32  Baneling x4  
  73  5:37  Zergling x2  
  73  5:38  Zergling x8  
  73  5:42  Overlord  
  71  5:52  Overlord  
  71  5:54  Zergling x2  
  71  5:55  Zergling x12  
  74  5:59  Baneling x4  
  74  6:03  Zerg Flyer Weapons Level 1  
  74  6:04  Mutalisk  
  73  6:06  Mutalisk  
  73  6:08  Mutalisk  
  79  6:13  Mutalisk  
  79  6:15  Mutalisk  
  79  6:17  Mutalisk  
  81  6:20  Mutalisk  
  81  6:24  Mutalisk  
  85  6:26  Mutalisk  
  85  6:29  Mutalisk  
  85  6:32  Mutalisk  
  85  6:36  Zergling x4  
  85  6:39  Drone x2  
  87  6:41  Mutalisk  
  87  6:44  Mutalisk  
  89  6:50  Mutalisk  
  91  6:54  Drone x2  
  91  6:55  Drone  
  91  7:00  Mutalisk  
  96  7:02  Mutalisk  
  96  7:05  Drone x5  
  103  7:08  Mutalisk  
  103  7:13  Drone  
  103  7:14  Drone  
  107  7:23  Overlord x4  
  106  7:37  Hatchery  
  106  7:39  Overlord  
  105  7:46  Mutalisk x6  
  105  7:56  Zergling x18  
  106  8:04  Mutalisk x2  
  106  8:12  Zergling x8  
  110  8:18  Mutalisk  
  110  8:19  Mutalisk x2  
  115  8:29  Extractor  
  115  8:33  Extractor  
  108  8:37  Mutalisk x2  
  100  8:47  Mutalisk x2  
  103  8:50  Zergling x20  
  112  8:57  Mutalisk x2  
  112  9:00  Drone x5  
  119  9:05  Mutalisk  
  119  9:10  Spore Crawler  
  119  9:14  Spore Crawler  
  119  9:16  Zerg Flyer Armor Level 1  
  116  9:19  Spore Crawler  
  116  9:20  Drone x3  
  102  9:34  Mutalisk x3  
  102  9:37  Drone x4  
  110  9:45  Drone x2  
  108  9:53  Spore Crawler  
  108  9:54  Mutalisk x4  
  115  10:01  Mutalisk  
  115  10:02  Drone  
  115  10:03  Drone  
  118  10:12  Zergling x12  
  122  10:15  Drone x2  
  124  10:22  Spore Crawler  
  124  10:25  Mutalisk  
  124  10:26  Spore Crawler  
  94  10:44  Mutalisk  
Show
View Real Time Build Order
Export as new Build Order

GogojOey Zerg - Winner!

Build Orders: Hatch First 

Get SALT Encoding   

  12  0:00  Drone  
  13  0:12  Overlord  
  13  0:16  Drone  
  14  0:30  Drone x2  
  16  0:48  Hatchery  
  15  0:52  Drone  
  15  0:55  Drone  
  17  0:58  Drone  
  18  1:09  Extractor  
  17  1:14  Spawning Pool  
  17  1:16  Drone  
  17  1:19  Drone  
  18  1:27  Drone  
  19  1:38  Drone  
  20  1:49  Drone  
  21  1:59  Overlord  
  21  2:00  Queen  
  21  2:01  Zergling x2, Queen  
  26  2:08  Metabolic Boost  
  26  2:10  Drone  
  26  2:11  Drone  
  28  2:21  Drone  
  28  2:22  Drone  
  30  2:33  Hatchery  
  30  2:36  Drone  
  30  2:39  Drone  
  31  2:48  Baneling Nest  
  31  2:51  Queen  
  32  2:56  Overlord  
  32  2:59  Drone  
  32  3:01  Drone  
  32  3:04  Drone  
  35  3:11  Drone  
  36  3:14  Drone  
  36  3:15  Drone x2  
  36  3:16  Zergling x2  
  40  3:22  Drone, Evolution Chamber  
  40  3:26  Drone  
  41  3:29  Lair  
  41  3:31  Baneling  
  42  3:34  Drone, Extractor  
  41  3:41  Drone  
  41  3:43  Overlord  
  41  3:44  Drone x2  
  41  3:47  Drone x2  
  46  3:49  Drone  
  46  3:53  Drone x2  
  49  4:03  Zerg Melee Weapons Level 1  
  49  4:04  Drone x4  
  49  4:08  Zergling x2  
  53  4:11  Overlord  
  53  4:13  Drone x2, Extractor  
  53  4:16  Drone, Extractor  
  54  4:18  Drone x2  
  54  4:19  Drone  
  57  4:30  Drone x2  
  60  4:31  Drone  
  60  4:34  Drone x2  
  60  4:35  Spire  
  61  4:42  Zergling x2  
  61  4:43  Drone  
  61  4:44  Overlord  
  63  4:46  Drone x3, Extractor  
  63  4:47  Drone  
  63  4:48  Extractor  
  65  4:53  Drone  
  65  4:56  Overlord  
  66  5:00  Overlord  
  66  5:05  Overlord  
  66  5:06  Baneling  
  66  5:11  Overlord  
  66  5:14  Drone  
  66  5:15  Drone  
  66  5:16  Zergling x4  
  66  5:17  Drone x4  
  75  5:21  Drone  
  75  5:24  Zergling x8  
  75  5:25  Zergling x4  
  81  5:28  Zergling x4  
  81  5:29  Zergling x2  
  81  5:32  Baneling x3  
  83  5:36  Zergling x6  
  82  5:45  Drone x4  
  82  5:46  Zergling x2  
  71  6:01  Zerg Flyer Armor Level 1, Mutalisk x4  
  80  6:06  Mutalisk x2  
  84  6:12  Mutalisk  
  84  6:14  Mutalisk  
  84  6:16  Mutalisk  
  87  6:24  Mutalisk  
  82  6:34  Mutalisk x3  
  82  6:36  Zergling x2  
  82  6:39  Drone  
  86  6:41  Mutalisk  
  86  6:42  Queen x2  
  86  6:44  Zergling x8  
  96  6:54  Overlord x2  
  96  6:59  Overlord  
  96  7:02  Hatchery  
  96  7:04  Overlord  
  95  7:12  Queen  
  95  7:13  Mutalisk x4  
  105  7:19  Overlord  
  105  7:22  Mutalisk x3  
  107  7:28  Mutalisk  
  110  7:32  Zergling x10  
  115  7:37  Drone  
  115  7:38  Drone  
  115  7:41  Mutalisk  
  119  7:45  Extractor  
  119  7:47  Mutalisk  
  119  7:48  Mutalisk  
  119  7:50  Extractor  
  111  7:52  Mutalisk  
  111  7:58  Mutalisk  
  105  7:59  Drone x3  
  105  8:00  Drone x3  
  105  8:04  Mutalisk  
  111  8:06  Zergling x4  
  111  8:11  Mutalisk  
  113  8:12  Zergling x4  
  113  8:24  Mutalisk x2  
  116  8:28  Zergling x12  
  120  8:38  Mutalisk x3  
  114  8:46  Mutalisk  
  114  8:48  Zergling x10  
  121  8:53  Mutalisk x2  
  123  9:00  Mutalisk x2  
  126  9:07  Mutalisk  
  126  9:09  Overlord  
  128  9:10  Overlord  
  128  9:20  Overlord  
  126  9:25  Mutalisk  
  126  9:30  Mutalisk  
  126  9:31  Mutalisk x3  
  118  9:34  Mutalisk  
  122  9:39  Mutalisk  
  122  9:40  Zergling x14  
  131  9:52  Drone x6  
  132  9:57  Mutalisk  
  132  9:58  Mutalisk  
  136  10:10  Mutalisk x3  
  136  10:11  Mutalisk  
  142  10:15  Zergling x6  
  145  10:21  Mutalisk x2  
  145  10:23  Zergling x2  
  150  10:29  Mutalisk  
  150  10:31  Zergling x2  
  150  10:35  Overlord  
  150  10:40  Mutalisk x3  
  150  10:42  Zergling x6  
  133  10:54  Zergling x8  
Tags
 
Add a new tag
Caveats
  • Supply blocks, unpowered buildings, or Contaminate may cause inaccurate times.
  • Supply counts are checked every 10 seconds.